 Dungeon Crawl Stone Soup version 0.21.1-1-g345015fe64 (webtiles) character file.

3342 Kohma the Tainter (level 9, -1/39 HPs)
             Began as a Spriggan Venom Mage on June 22, 2018.
             Was a Follower of Dithmenos.
             Shot with a sling bullet by Joseph (14 damage)
             ... on level 8 of the Dungeon.
             The game lasted 00:42:05 (10705 turns).

Kohma the Tainter (Spriggan Venom Mage)            Turns: 10705, Time: 00:42:05

Health: -1/39      AC:  2    Str:  7    XL:     9   Next: 72%
Magic:  18/21      EV: 18    Int: 17    God:    Dithmenos [*.....]
Gold:   329        SH:  0    Dex: 16    Spells: 13/23 levels left

rFire    . . .     SeeInvis +   l - +1 dagger
rCold    . . .     Gourm    .   (shield restricted)
rNeg     . . .     Faith    .   a - +0 robe
rPois    .         Spirit   .   (helmet restricted)
rElec    .         Reflect  .   (no cloak)
rCorr    .         Harm     .   (gloves unavailable)
MR       +....                  (boots unavailable)
Stlth    +++.......             (no amulet)
HPRegen  0.13/turn              (no ring)
MPRegen  0.17/turn              (no ring)

@: wreathed by umbra, very quick
A: very small, unfitting armour, see invisible, herbivore, speed 3, slow
metabolism 2
a: Renounce Religion


You were on level 8 of the Dungeon.
You worshipped Dithmenos.
Dithmenos was aware of your devotion.
You were not hungry.

You visited 2 branches of the dungeon, and saw 9 of its levels.

You collected 329 gold pieces.

Inventory:

Hand Weapons
 l - a +1 dagger (weapon)
 n - a +0 hunting sling
Missiles
 k - 39 sling bullets
Armour
 a - a +0 robe (worn)
 A - a +0 buckler
Wands
 f - a wand of random effects (20)
 m - a wand of paralysis (8)
 x - a wand of clouds (4)
 z - a wand of acid (5)
Scrolls
 e - a scroll of enchant weapon
 o - a scroll of remove curse
 p - 2 scrolls of teleportation
 w - a scroll of fog
Potions
 d - a potion of invisibility
 h - 3 potions of flight
 i - 3 potions of curing
 j - 4 potions of haste
 q - a potion of brilliance
 r - a potion of ambrosia
 s - 2 potions of mutation
 t - a potion of resistance
 u - 2 potions of magic
 v - a potion of lignification {unknown}
Books
 b - a Young Poisoner's Handbook

   Spells                             Type                      Level
   a - Sting                          Conjuration/Poison           1
   b - Poisonous Vapours              Poison/Air                   2
   c - Mephitic Cloud                 Conjuration/Poison/Air       3
   d - Olgreb's Toxic Radiance        Poison                       4
   e - Venom Bolt                     Conjuration/Poison           5
 y - a book of Changes

   Spells                             Type                      Level
   a - Beastly Appendage              Transmutation                1
   b - Sticks to Snakes               Transmutation                2
   c - Spider Form                    Transmutation/Poison         3
   d - Ice Form                       Ice/Transmutation            4
   e - Blade Hands                    Transmutation                5
Comestibles
 c - 16 rations


   Skills:
 - Level 3.0 Dodging
 - Level 3.0 Stealth
 + Level 7.7 Spellcasting
 + Level 4.5 Conjurations
 - Level 5.0 Air Magic
 * Level 9.2 Poison Magic
 * Level 3.8 Evocations


You had 13 spell levels left.
You knew the following spells:

 Your Spells              Type           Power        Failure   Level  Hunger
a - Sting                 Conj/Pois      ####         1%          1    None
b - Poisonous Vapours     Pois/Air       ####..       1%          2    None
c - Mephitic Cloud        Conj/Pois/Air  ####....     2%          3    #......
d - Olgreb's Toxic Radia  Pois           #####...     2%          4    ###....


Dungeon Overview and Level Annotations

Branches:
Dungeon (8/15)             Temple (1/1) D:6
   Lair: D:8-11

Altars:
Ashenzari
Cheibriados
Dithmenos
Elyvilon
Fedhas
Gozag
Kikubaaqudgha
Makhleb
Nemelex Xobeh
Okawaru
Qazlal
Ru
Sif Muna
Trog
Uskayaw
Vehumet
Xom
Yredelemnul
Zin
The Shining One

Shops:
D:4 [:

Annotations:
D:3 Enjoyment's ghost, amateur DsGl
D:5 Evaline's ghost, novice GrFi
D:6 Menkaure
D:8 Joseph; Psyche


Innate Abilities, Weirdness & Mutations

You are very small and have problems with some larger weapons.
You are too small for most types of armour.
You have supernaturally acute eyesight. (SInv)
You are a herbivore.
You cover ground extremely quickly.
You need consume almost no food.


Message History

Aim: Joseph, wielding a quarterstaff and wearing a runed ring mail (hasn't noticed you) Poisonous vapours surround Joseph!
Joseph shouts!
Joseph is poisoned.
Joseph unwields an uncursed quarterstaff.
Joseph wields a hunting sling.
Joseph shoots a sling bullet.
The sling bullet closely misses you.
Casting: Poisonous Vapours
Confirm with . or Enter, or press ? or * to list all spells.
You can't see any susceptible monsters within range! (Use Z to cast anyway.)
Casting: Poisonous Vapours
Confirm with . or Enter, or press ? or * to list all spells.
Aiming: Poisonous Vapours
Press: ? - help, Dir - move target cursor, f/p - Joseph
Aim: Joseph, wielding a hunting sling and wearing a runed ring mail (lightly wounded, poisoned) Poisonous vapours surround Joseph!
Joseph is engulfed in poison gas.
Joseph looks even sicker.
Joseph shoots a sling bullet.
The sling bullet hits you!
Joseph shoots a sling bullet.
The sling bullet hits you!
You die...

#)##########.n.... #.#
#>..... #.# #....##
#.##### ####.# #.##..##
#... #.##...# ####
#.##.#)#
######(##...####
#.....@.##.....###
#.......##..##...##
#...().(###.####..#
#............# ##(##
#...(().###..####..####
####(..## #...).<.....#
##.@.####....##..#.#
###....######.###...#
#..≈≈.≈...........≈..


You could see Joseph.

Vanquished Creatures
  A hippogriff (D:6)
  Sigmund (D:6)
  A spriggan (D:7)
  A yak (D:8)
  Eustachio (D:6)
  Edmund (D:6)
  A necrophage (D:8)
  2 sky beasts (D:6)
  3 black bears
  An orc warrior (D:6)
  3 ogres
  A centaur (D:8)
  2 big kobolds
  A bullfrog (D:6)
  A water moccasin skeleton (D:8)
  2 scorpions
  3 electric eels
  4 howler monkeys
  A crimson imp (D:6)
  3 hounds (D:7)
  A jelly (D:8)
  2 orc wizards (D:6)
  2 orc priests (D:3)
  2 iguanas
  7 worker ants
  A hound skeleton (D:5)
  16 gnolls
  9 adders
  A white imp (D:8)
  An ufetubus (D:8)
  2 adder zombies (D:7)
  2 dart slugs (D:2)
  4 leopard geckos
  11 orcs
  9 giant cockroaches
  4 goblins
  6 hobgoblins
  5 jackals
  6 quokkas
  9 bats
  4 frilled lizards
  A giant cockroach zombie (D:6)
  2 jackal zombies
  20 kobolds
  A leopard gecko zombie (D:6)
  A quokka skeleton (D:4)
  5 rats
168 creatures vanquished.

Vanquished Creatures (collateral kills)
  A hound (D:8)
1 creature vanquished.

Vanquished Creatures (others)
  A phantom (D:6)
  An iguana (D:6)
  An orc (D:6)
3 creatures vanquished.

Grand Total: 172 creatures vanquished

Notes
Turn   | Place    | Note
-------+----------+-------------------------------------------
     0 | D:1      | Kohma the Spriggan Venom Mage began the quest for the Orb.
     0 | D:1      | Reached XP level 1. HP: 9/9 MP: 5/5
   414 | D:1      | Reached XP level 2. HP: 13/13 MP: 3/6
   426 | D:1      | Learned a level 2 spell: Poisonous Vapours
   534 | D:1      | Reached skill level 1 in Conjurations
   853 | D:2      | Noticed an ogre
   972 | D:2      | Reached XP level 3. HP: 16/16 MP: 2/8
   980 | D:2      | Found an ancient bone altar of Kikubaaqudgha.
  1121 | D:2      | Killed an ogre
  1121 | D:2      | Reached skill level 4 in Poison Magic
  1121 | D:2      | Reached XP level 4. HP: 21/21 MP: 0/10
  1480 | D:2      | Reached XP level 5. HP: 24/24 MP: 8/11
  2282 | D:3      | Noticed Enjoyment's ghost (amateur DsGl)
  2650 | D:3      | Reached skill level 5 in Poison Magic
  2849 | D:3      | Reached XP level 6. HP: 28/28 MP: 7/13
  2996 | D:3      | Learned a level 3 spell: Mephitic Cloud
  3001 | D:3      | Learned a level 4 spell: Olgreb's Toxic Radiance
  3012 | D:3      | Found an iron altar of Okawaru.
  3093 | D:4      | Found a sparkling altar of Nemelex Xobeh.
  3171 | D:4      | Found a glowing golden altar of the Shining One.
  3273 | D:4      | Found Xeawnebb's Book Boutique.
  3333 | D:4      | Found a shattered altar of Ashenzari.
  3406 | D:4      | Found Delil's Armour Emporium.
  3918 | D:5      | Entered Level 5 of the Dungeon
  4032 | D:5      | Noticed Evaline's ghost (novice GrFi)
  4785 | D:5      | Reached skill level 1 in Air Magic
  5418 | D:5      | Reached skill level 5 in Spellcasting
  5418 | D:5      | Reached XP level 7. HP: 32/32 MP: 10/15
  5582 | D:6      | Found a bloodstained altar of Trog.
  5779 | D:6      | Noticed Eustachio
  5807 | D:5      | Reached skill level 6 in Poison Magic
  5870 | D:6      | Found a snail-covered altar of Cheibriados.
  5870 | D:6      | Noticed Edmund
  5898 | D:6      | Killed Edmund
  6478 | D:6      | Killed Eustachio
  6478 | D:6      | Reached XP level 8. HP: 12/36 MP: 5/17
  6862 | D:6      | Reached skill level 7 in Poison Magic
  7464 | D:6      | Noticed Sigmund
  7480 | D:6      | Killed Sigmund
  7503 | D:6      | Noticed a hippogriff
  7539 | D:6      | Killed a hippogriff
  7716 | D:6      | Noticed Menkaure
  7731 | D:6      | Reached skill level 8 in Poison Magic
  7867 | D:6      | Reached XP level 9. HP: 39/39 MP: 6/20
  8012 | D:6      | Found a staircase to the Ecumenical Temple.
  8022 | Temple   | Entered the Ecumenical Temple
  8184 | Temple   | Became a worshipper of Dithmenos the Shadowed
  8562 | D:7      | Reached skill level 5 in Air Magic
  9772 | D:8      | Reached skill level 1 in Evocations
  9848 | D:8      | Reached skill level 9 in Poison Magic
  9888 | D:8      | Reached * piety under Dithmenos
  9930 | D:8      | Noticed Joseph
  9934 | D:8      | Found a hide-covered altar of Uskayaw.
  9949 | D:8      | Noticed Psyche
 10137 | D:8      | Found a burning altar of Makhleb.
 10332 | D:8      | Found a shimmering altar of Xom.
 10705 | D:8      | Shot with a sling bullet by Joseph

Skill      XL: |  1  2  3  4  5  6  7  8  9 |
---------------+----------------------------+-----
Spellcasting   | 3 4 5 6 7 |  7.7
Conjurations   | 1 2 3 4 |  4.5
Poison Magic   | 4 5 6 8 9 |  9.2
Air Magic      | 1 3 4 5 |  5.0
Evocations     | 3 |  3.8
Dodging        | |  3.0
Stealth        | |  3.0

Action                   |  1- 3 |  4- 6 |  7- 9 || total
-------------------------+-------+-------+-------++-------
Melee: Unarmed           |    11 |       |       ||    11
       Whip              |     6 |       |       ||     6
       Dagger            |    10 |    39 |   216 ||   265
 Cast: Sting             |    24 |       |    18 ||    42
       Poisonous Vapours |    18 |    97 |   176 ||   291
       Mephitic Cloud    |       |     2 |    16 ||    18
Evoke: Wand              |       |       |     2 ||     2
  Use: Scroll            |     8 |    10 |     6 ||    24
       Potion            |       |       |     5 ||     5
 Stab: Sleeping          |       |     1 |       ||     1
       Confused          |       |       |     4 ||     4
       Paralysed         |       |       |     1 ||     1
  Eat: Ration            |       |     3 |     3 ||     6
Armor: Robe              |     7 |     4 |    18 ||    29
Dodge: Dodged            |    38 |    34 |   199 ||   271
